 Dungeon Crawl Stone Soup version 0.31-a0-232-gb1c03b2570 (webtiles) character file.

Game seed: 9591817972375982067

28 qw the Shooter (level 3, -4/21 HPs)
             Began as a Gargoyle Hexslinger on July 7, 2023.
             Slain by Edmund
             ... wielding a +0 flail of protection
              (11 damage)
             ... on level 4 of the Dungeon.
             The game lasted 00:00:19 (691 turns).

qw the Shooter (Gargoyle Hexslinger)                 Turns: 691, Time: 00:00:19

Health: -4/21      AC:  6    Str: 11    XL:     3   Next: 14%
Magic:  4/4        EV: 12    Int: 13    God:
Gold:   19         SH:  0    Dex: 14    Spells: 3/4 levels left

rFire   . . .        Y - +2 sling
rCold   . . .        (no shield)
rNeg    + . .        c - +0 robe
rPois   inf          (no helmet)
rElec   +            (no cloak)
rCorr   .            g - +0 pair of gloves
SInv    .            (no boots)
Will    .....        (no amulet)
Stlth   +            (no ring)
HPRegen 0.23/turn    (no ring)
MPRegen 0.09/turn

%: no passive effects
@: no status effects
A: sickness immunity, AC +3, negative energy resistance 1, electricity
resistance, torment resistance 1, petrification resistance
a: no special abilities


You were on level 4 of the Dungeon.
You visited 1 branch of the dungeon, and saw 3 of its levels.

You collected 19 gold pieces.


Innate Abilities, Weirdness & Mutations

You are immune to sickness and miasma.
Your stone body is resilient. (AC +3)
You are immune to poison.
You resist negative energy. (rN+)
You are resistant to electric shocks. (rElec)
You are resistant to unholy torment.
You are immune to petrification.


   Skills:
 - Level 2.0 Fighting
 + Level 3.1 Ranged Weapons
 - Level 1.5 Dodging
 - Level 1.0 Spellcasting
 - Level 2.6 Hexes


You had 3 spell levels left.
You knew the following spells:

 Your Spells              Type           Power      Damage    Failure   Level
a - Slow                  Hex            28%        N/A       10%         1

Your spell library contained the following spells:

 Spells                   Type           Power      Damage    Failure   Level
 Inner Flame              Hex/Fire       4%         N/A       43%         3
 Portal Projectile        Hex/Tloc       8%         N/A       43%         3
 Cause Fear               Hex            3%         N/A       67%         4

Inventory:

Hand Weapons
 Y - a +2 sling (weapon)
Armour
 b - a +0 ring mail
 c - a +0 robe (worn)
 g - a +0 pair of gloves (worn)
Scrolls
 a - a scroll of teleportation
Potions
 d - a potion of lignification {unknown}
 e - a potion of magic {unknown}
 h - a potion of brilliance {unknown}

Dungeon Overview and Level Annotations

Branches:
Dungeon (2/15)

Altars:

Annotations:
D:4 Edmund, Natasha


Message History

a +2 short sword of venom; a kobold corpse You feel your willpower return.
A ball python comes into view.
You shoot a sling bullet. The sling bullet hits the ball python!
You kill the ball python!
d - a cyan potion
Found a stone staircase leading up.
e - a fizzy silvery potion A sourceless malevolence fills the Dungeon...
You fall into a shaft and drop 2 floors!
The shaft crumbles and collapses.
Edmund the Younger comes into view.
He is wielding a +0 flail of protection.
Edmund shouts!
Waypoint 2 assigned to D:4.
You shoot a sling bullet.
The sling bullet hits Edmund but does no damage.
You hear an angry hiss.
Edmund hits you with a +0 flail of protection.
You shoot a sling bullet. The sling bullet closely misses Edmund.
Edmund barely misses you.
Natasha, Servant of Life and Death comes into view.
You shoot a sling bullet. The sling bullet hits Edmund!
Edmund is moderately wounded.
Edmund hits you with a +0 flail of protection.
You shoot a sling bullet.
The sling bullet hits Edmund but does no damage.
Edmund is moderately wounded.
Edmund misses you.
Natasha mumbles some strange words.
Natasha glows brightly for a moment.
You shoot a sling bullet. The sling bullet hits Edmund.
Edmund is moderately wounded.
Edmund hits you with a +0 flail of protection.
Edmund barely misses you.
You shoot a sling bullet. The sling bullet closely misses Edmund.
Edmund hits you with a +0 flail of protection.
You shoot a sling bullet.
The sling bullet completely misses Edmund.
Edmund hits you with a +0 flail of protection!
Ouch! That really hurt!
You die...

#########
#.......###
#.......@h#
#@# #.# #.#
#.# #.. #..
##.# .# ##


You could see Edmund and Natasha.

Vanquished Creatures
  A dart slug (D:1)
  A bat (D:1)
  2 endoplasms (D:1)
  2 giant cockroaches (D:1)
  3 goblins (D:1)
  2 hobgoblins (D:1)
  A quokka (D:1)
  5 ball pythons
  2 frilled lizards (D:1)
  5 kobolds
  A rat (D:1)
25 creatures vanquished.

Notes
Turn   | Place    | Note
-------+----------+-------------------------------------------
     0 | D:1      | qw the Gargoyle Hexslinger began the quest for the Orb.
     0 | D:1      | Reached XP level 1. HP: 12/12 MP: 2/2
     0 | D:1      | 0 ||| qw: Version: 0.3-a-46-gb1f654a
     0 | D:1      | 0 ||| qw: Game counter: 2622
     0 | D:1      | 0 ||| qw: Melee chars always use a shield: true
     0 | D:1      | 0 ||| qw: God list: Okawaru
     0 | D:1      | 0 ||| qw: Allow faded altars: false
     0 | D:1      | 0 ||| qw: Do Orc after clearing Dungeon:15 true
     0 | D:1      | 0 ||| qw: Do second Lair branch before Depths: true
     0 | D:1      | 0 ||| qw: Lair rune preference: random
     0 | D:1      | 0 ||| qw: Goals: Normal
     0 | D:1      | 0 ||| PLANNING D:1-11
   125 | D:1      | Reached XP level 2. HP: 16/16 MP: 3/3
   161 | D:1      | Found a faded altar of an unknown god.
   166 | D:1      | Reached skill level 3 in Ranged Weapons
   384 | D:1      | Reached XP level 3. HP: 21/21 MP: 4/4
   586 | D:1      | 586 ||| UPGRADING to +0 pair of gloves.
   591 | D:1      | 591 ||| READING 2 scrolls labelled COTEAS METEYRR.
   594 | D:1      | 594 ||| READING scroll labelled LUYGHO TOBLUBE.
   595 | D:1      | 595 ||| READING scroll labelled GAUSYJE MI OLYQ.
   596 | D:1      | 596 ||| READING scroll labelled CURCHA NAAPISTU.
   597 | D:1      | 597 ||| DROPPING scroll of poison.
   683 | D:2      | You fall into a shaft and drop 2 floors!
   684 | D:4      | Noticed Edmund
   686 | D:4      | Noticed Natasha
   691 | D:4      | Slain by Edmund

Levels and vault maps discovered:
D:1:      minmay_arrival_shoal_huts, layout_basic, ebering_ecumenical_altar_mist
D:2:      layout_basic, minmay_pentomino_x4
D:4:      layout_basic, mainiacjoe_overflow_paths, minmay_hedge_maze,
          hangedman_decor_growths, uniq_eustachio, uniq_grinder, uniq_edmund,
          uniq_natasha

Skill      XL: |  1  2 |
---------------+-------+-----
Ranged Weapons | 3 |  3.1
Fighting       | 2 |  2.0
Dodging        | |  1.5
Spellcasting   | |  1.0
Hexes          | |  2.6

Action                     || total
---------------------------++-------
   Fire: Sling             ||    77
    Use: Scroll            ||     4
 Armour: Robe              ||     1
  Dodge: Dodged            ||    20

Table legend:
 A = Non-vault XP
 B = Vault XP
 C = Vault XP percentage of total XP
 D = Non-vault monster count
 E = Vault monster count
 F = Vault count percentage of total count
                 A         B        C        D         E       F
            +---------+---------+-------+---------+---------+-------
      Total |      41 |       0 |   0.0 |      25 |       0 |   0.0
            +---------+---------+-------+---------+---------+-------
        D:1 |      37 |       0 |   0.0 |      23 |       0 |   0.0
        D:2 |       4 |       0 |   0.0 |       2 |       0 |   0.0
            +---------+---------+-------+---------+---------+-------
